 Dungeon Crawl Stone Soup version 0.27.1-4-g1640c2035a (webtiles) character file.

Game seed: 15135231184756488219

521 Icepheonix32 the Nimble (level 7, 0/51 HPs)
             Began as a Demonspawn Transmuter on Nov 11, 2021.
             Slain by an orc priest (2 damage)
             ... on level 3 of the Dungeon.
             The game lasted 00:04:18 (3217 turns).

Icepheonix32 the Nimble (Demonspawn Transmuter)     Turns: 3217, Time: 00:04:19

Health: 0/51       AC:  7    Str: 13    XL:     7   Next: 1%
Magic:  11/11      EV: 15    Int: 14    God:
Gold:   117        SH:  0    Dex: 13    Spells: 10/11 levels left

rFire    . . .     SeeInvis .     - Unarmed
rCold    . . .     Faith    .   (no shield)
rNeg     . . .     Spirit   .   f - +0 leather armour
rPois    .         Reflect  .   (helmet currently unavailable)
rElec    .         Harm     .   (no cloak)
rCorr    .         Rampage  .   c - +0 pair of gloves
Will     .....                  (boots currently unavailable)
Stlth    +.........             a - amulet of magic regeneration
HPRegen  0.17/turn              (no ring)
MPRegen  0.37/turn              (no ring)

@: appendages (expiring)
A: horns 2, talons 2, thin metallic scales 2, powered by death 1
a: End Transformation


You were on level 3 of the Dungeon.
You had temporarily grown beastly horns and talons.
You visited 1 branch of the dungeon, and saw 3 of its levels.

You collected 117 gold pieces.

Inventory:

Missiles
 d - 4 boomerangs
 i - 16 poisoned darts (quivered)
Armour
 c - a +0 pair of gloves (worn)
 e - a +2 buckler
 f - a +0 leather armour (worn)
Jewellery
 a - an amulet of magic regeneration (around neck)
 h - a ring of fire
Scrolls
 b - a scroll of identify
 j - a scroll of noise


   Skills:
 * Level 2.3 Fighting
 + Level 0.8 Armour
 * Level 9.2 Dodging
 + Level 0.6 Stealth
 * Level 7.6 Unarmed Combat
 + Level 2.8 Spellcasting
 + Level 2.3 Transmutations


You had 10 spell levels left.
You knew the following spells:

 Your Spells              Type           Power      Damage    Failure   Level
a - Beastly Appendage     Tmut           16%        N/A       11%         1

Your spell library contained the following spells:

 Spells                   Type           Power      Damage    Failure   Level
 Wereblood                Tmut           8%         N/A       16%         2
 Spider Form              Tmut/Pois      2%         N/A       45%         3
 Ice Form                 Ice/Tmut       5%         N/A       86%         4


Dungeon Overview and Level Annotations

Branches:
Dungeon (3/15)

Altars:


Innate Abilities, Weirdness & Mutations

You have temporarily grown beastly horns and talons.
You are mostly covered in thin metallic scales. (AC +3)
You regenerate a little health from kills.


Message History

You have reached level 6!
Your experience leads to an increase in your attributes!
Increase (S)trength, (I)ntelligence, or (D)exterity?
You feel stronger. The bat closely misses you. Something hits you.
* * * LOW HITPOINT WARNING * * *
The orc hits you but does no damage.
Unknown command.
You hit the orc priest. Your kick misses the orc priest.
You headbutt the orc priest! You punch the orc priest.
The orc priest is almost dead.
The bat hits you but does no damage. Something hits you.
* * * LOW HITPOINT WARNING * * *
The bat hits you but does no damage. The orc closely misses you.
The orc priest looks braver for a moment.
You punch the orc priest!
You kill the orc priest!
The bat closely misses you. The orc priest closely misses you.
Something hits you but does no damage. The orc closely misses you.
You have reached level 7!
Your demonic ancestry asserts itself...
Your mutations feel more permanent.
You hit the orc priest. Your kick misses the orc priest.
The orc priest is moderately wounded.
Your transformation is almost over.
The giant cockroach barely misses you. The bat hits you but does no damage.
The orc priest closely misses you.
You hear some strange, mumbled words.
A puff of flame appears from out of thin air!
The puff of flame hits you!
* * * LOW HITPOINT WARNING * * *
The orc barely misses you.
You aren't carrying any potions.
Unknown command.
As you read the scroll labelled ABEVU OBAIXIBE, it crumbles to dust.
It is a scroll of identify.
j - a scroll of noise The bat closely misses you.
The giant cockroach misses you. The bat misses you.
The orc priest hits you with a +0 hand axe.
You die...

.....)........#
......................#
......................#
......................#
......................#
...................(..#
.......g..........)...#
......oo{.............#
......B@.......^......#
......o.b.............#
...........!..........#
#.....................#
...(..#####..........##
###..# #.........## ###
#........## #.......##
#########


You could see 2 orc priests, an orc, a giant cockroach, a goblin and a bat.

Vanquished Creatures
  An ogre (D:2)
  A phantom (D:2)
  An orc priest (D:3)
  4 adders
  A worm (D:2)
  A dart slug (D:3)
  2 ball pythons (D:1)
  5 bats
  4 endoplasms
  A giant cockroach (D:2)
  3 hobgoblins (D:1)
  4 quokkas
  2 frilled lizards
  4 goblins
  15 kobolds
  6 rats
55 creatures vanquished.

Notes
Turn   | Place    | Note
-------+----------+-------------------------------------------
     0 | D:1      | Icepheonix32 the Demonspawn Transmuter began the quest for
                  | the Orb.
     0 | D:1      | Reached XP level 1. HP: 15/15 MP: 3/3
   199 | D:1      | Gained mutation: You are partially covered in thin metallic
                  | scales. (AC +2) [demonic ancestry]
   199 | D:1      | Reached XP level 2. HP: 20/21 MP: 3/5
  1303 | D:2      | Gained mutation: You are mostly covered in thin metallic
                  | scales. (AC +3) [demonic ancestry]
  1303 | D:2      | Reached XP level 3. HP: 26/26 MP: 4/6
  1305 | D:2      | Reached skill level 2 in Dodging
  1597 | D:2      | Noticed a phantom
  1612 | D:2      | Killed a phantom
  1613 | D:2      | Gained mutation: You regenerate a little health from kills.
                  | [demonic ancestry]
  1613 | D:2      | Reached XP level 4. HP: 17/33 MP: 7/7
  2093 | D:2      | Noticed an ogre
  2272 | D:2      | Reached XP level 5. HP: 38/38 MP: 6/9
  2510 | D:2      | Found a faded altar of an unknown god.
  2661 | D:2      | Killed an ogre
  3213 | D:3      | Reached skill level 9 in Dodging
  3213 | D:3      | Reached XP level 6. HP: 14/45 MP: 10/10
  3216 | D:3      | Mutation became permanent: You have sharp toenails.
                  | [demonic ancestry]
  3216 | D:3      | Gained mutation: You have razor-sharp toenails. [demonic
                  | ancestry]
  3216 | D:3      | Reached XP level 7. HP: 12/51 MP: 11/11
  3216 | D:3      | HP: 2/51 [something/puff of flame (10)]
  3217 | D:3      | Slain by an orc priest

Illustrated notes

Levels and vault maps discovered:
D:1:      lightli_molten_gateway, layout_basic
D:2:      layout_loops_ring, ebering_ecumenical_altar_rust,
          minmay_misc_feat_tower
D:3:      layout_basic, tgw_xom, nicolae_tso_swordbearing_angel,
          chequers_serial_rivers_marsh

Skill      XL: |  1  2  3  4  5 |
---------------+----------------+-----
Unarmed Combat | 3 7 |  7.6
Dodging        | 2 9 |  9.2
Transmutations | 2 |  2.3
Fighting       | 2 |  2.3
Armour         | |  0.8
Stealth        | |  0.6
Spellcasting   | |  2.8

Action                   |  1- 3 |  4- 6 |  7- 9 || total
-------------------------+-------+-------+-------++-------
Melee: Unarmed           |   103 |   101 |     1 ||   205
       Headbutt          |    12 |     6 |       ||    18
       Kick              |    15 |    18 |       ||    33
       Punch             |       |     1 |       ||     1
Throw: Boomerang         |       |     1 |       ||     1
 Cast: Beastly Appendage |    20 |    20 |       ||    40
  Use: Potion            |     1 |     1 |       ||     2
       Scroll            |       |       |     1 ||     1
Armor: Robe              |    27 |       |       ||    27
       Leather armour    |     3 |    38 |     1 ||    42
Dodge: Dodged            |    61 |    59 |     6 ||   126
